 Dungeon Crawl Stone Soup version 0.29-a0-676-ga64570c9d2 (webtiles) character file.

Game seed: 16248978121894450104

88 fictitious the Cudgeller (level 5, -3/41 HPs)
             Began as a Meteoran Gladiator on June 25, 2022.
             Slain by a gnoll shaman
             ... wielding a +0 whip
              (8 damage)
             ... on level 3 of the Dungeon.
             The game lasted 00:08:50 (657 turns).

fictitious the Cudgeller (Meteoran Gladiator)        Turns: 657, Time: 00:08:51

Health: -3/41      AC:  5    Str: 15    XL:     5   Next: 10%
Magic:  6/6        EV: 13    Int: 12    God:
Gold:   37         SH:  0    Dex: 15    Spells: 4/4 levels left

rFire   . . .      SeeInvis .   a - +0 flail
rCold   . . .      Faith    .   (no shield)
rNeg    . . .      Spirit   .   c - +0 leather armour
rPois   .          Reflect  .   g - +0 helmet
rElec   .          Harm     .   (no cloak)
rCorr   .          Rampage  .   (no gloves)
Will    .....                   W - +0 pair of boots
Stlth   +.........              (no amulet)
HPRegen 0.13/turn               (no ring)
MPRegen 0.10/turn               (no ring)

@: glowing
A: sense surroundings 1, otherworldly, glowing, explore regen
a: no special abilities


You were on level 3 of the Dungeon.
You visited 1 branch of the dungeon, and saw 4 of its levels.

You collected 37 gold pieces.

Inventory:

Hand Weapons
 a - a +0 flail (weapon)
 b - a +0 hunting sling
Missiles
 e - a javelin (quivered)
Armour
 c - a +0 leather armour (worn)
 g - a +0 helmet (worn)
 W - a +0 pair of boots (worn)
Scrolls
 i - a scroll of amnesia
Potions
 f - a potion of flight {unknown}
 j - a potion of might {unknown}


   Skills:
 - Level 2.1 Fighting
 + Level 6.9 Maces & Flails
 - Level 2.4 Throwing
 - Level 3.6 Dodging


You had 4 spell levels left.
You didn't know any spells.
Your spell library contained the following spells:

 Spells                   Type           Power      Damage    Failure   Level
 Necrotize                Necr           0%         1d4       38%         1
 Slow                     Hex            0%         N/A       38%         1
 Confusing Touch          Hex            0%         N/A       77%         3
 Summon Guardian Golem    Hex/Summ       0%         N/A       77%         3
 Vampiric Draining        Necr           0%         2d6       77%         3
 Agony                    Necr           0%         N/A       100%        5
 Freezing Cloud           Conj/Ice/Air   0%         6-21      100%        5
 Simulacrum               Ice/Necr       0%         N/A       100%        6
 Orb of Destruction       Conj           0%         9d5       100%        7
 Spellforged Servitor     Conj/Summ      0%         N/A       100%        7
 Polar Vortex             Ice            0%         N/A       100%        9


Dungeon Overview and Level Annotations

Branches:
Dungeon (4/15) Zot: 1731
 Temple: D:4-7

Altars:

Shops:
D:1 (


Innate Abilities, Weirdness & Mutations

You passively map a small area around you.
You are easily found by Zot.
You glow in the dark.
You regain HP and MP as you explore.


Message History

The gnoll shaman hits you with a +0 whip.
* * * LOW HITPOINT WARNING * * *
As you read the scroll labelled WUWKUOCUMU, it crumbles to dust.
It is a scroll of amnesia.
You feel forgetful for a moment. The gnoll closely misses you.
The gnoll shaman barely misses you.
It was a potion of curing.
You feel better.
P - a potion of curing The gnoll barely misses you.
The gnoll shaman hits you with a +0 whip.
* * * LOW HITPOINT WARNING * * *
Sorry, you're not good enough to have a special ability.
Okay, then.
Unknown command.
You hit the gnoll.
The gnoll is lightly wounded.
The gnoll misses you.
The gnoll shaman hits you with a +0 whip.
* * * LOW HITPOINT WARNING * * *
You sock the gnoll!
The gnoll is almost dead.
The gnoll hits you with a +0 club!
* * * LOW HITPOINT WARNING * * *
The gnoll shaman misses you.
You feel better. The gnoll closely misses you.
The gnoll shaman closely misses you.
You closely miss the gnoll.
The gnoll is almost dead.
The gnoll hits you with a +0 club.
* * * LOW HITPOINT WARNING * * *
The gnoll shaman misses you.
You barely miss the gnoll.
The gnoll is almost dead.
The gnoll hits you with a +0 club.
* * * LOW HITPOINT WARNING * * *
The gnoll shaman hits you with a +0 whip!
You die...

## ##### # ..
#...# *##.##.
#.#.# ,.....*
#.#.#
.##.#..######.#.#
.......<........#
..#.#..######.g.#
, #..* #..@#
,,#). #..g# , ...
#..(# ...# ##.##
#### #.# * #.# #.
#.


You could see a gnoll shaman and a gnoll.

Vanquished Creatures
  Jessica (D:2)
  A gnoll (D:4)
  An adder (D:2)
  2 worms (D:2)
  A dart slug (D:1)
  A ball python (D:2)
  3 endoplasms
  3 giant cockroaches (D:1)
  4 goblins (D:1)
  4 hobgoblins
  3 jackals (D:1)
  2 kobolds (D:1)
  A quokka (D:1)
  2 bats (D:1)
  3 frilled lizards
  3 rats (D:1)
35 creatures vanquished.

Notes
Turn   | Place    | Note
-------+----------+-------------------------------------------
     0 | D:1      | fictitious the Meteoran Gladiator began the quest for the
                  | Orb.
     0 | D:1      | Reached XP level 1. HP: 17/17 MP: 2/2
    60 | D:1      | Reached XP level 2. HP: 22/24 MP: 3/3
   187 | D:1      | Reached skill level 5 in Maces & Flails
   200 | D:1      | Found Xuhefrat's Antique Weapon Emporium.
   213 | D:1      | Reached XP level 3. HP: 27/29 MP: 4/4
   344 | D:2      | Found a faded altar of an unknown god.
   374 | D:2      | Reached skill level 6 in Maces & Flails
   374 | D:2      | Reached XP level 4. HP: 14/36 MP: 5/5
   407 | D:2      | Noticed Jessica
   411 | D:2      | Killed Jessica
   626 | D:4      | Reached XP level 5. HP: 41/41 MP: 6/6
   654 | D:3      | HP: 1/41 [gnoll/+0 club[a gnoll shaman] (7)]
   657 | D:3      | Slain by a gnoll shaman

Illustrated notes

Levels and vault maps discovered:
D:1:      heliophobic_arrival_battle_scene, layout_loops_ring, serial_shops,
          shop
D:2:      layout_basic, serial_curves, eino_curves_01, eino_curves_04,
          eino_curves_03, eino_curves_04, hellmonk_ecumenical_altar_run_dry,
          grunt_ministairs_1, uniq_terence, uniq_jessica, uniq_natasha
D:3:      layout_loops_corners, serial_shops, shop, st_stairs_10
D:4:      layout_layer_cave, lightli_ossuary_entry_decrepit_ruins,
          hangedman_abyss_or_decor_stagger, uniq_sigmund

Skill      XL: |  1  2  3 |
---------------+----------+-----
Maces & Flails | 5 6 |  6.9
Fighting       | |  2.1
Throwing       | |  2.4
Dodging        | |  3.6

Action                   |  1- 3 |  4- 6 || total
-------------------------+-------+-------++-------
Melee: Flail             |    45 |    24 ||    69
 Fire: Hunting sling     |    35 |    13 ||    48
Throw: Throwing net      |     2 |     3 ||     5
  Use: Potion            |       |     2 ||     2
       Scroll            |       |     1 ||     1
Armor: Leather armour    |    19 |     2 ||    21
Dodge: Dodged            |    17 |    18 ||    35

Table legend: (Time is in decaauts)
 A = Elapsed time spent in this place.
 B = Non-inter-level travel time spent in this place.
 C = Inter-level travel time spent in this place.
 D = Time resting spent in this place.
 E = Time spent auto-exploring this place.
 F = Levels seen in this place.
 G = Mean time per level.
                   A        B        C        D        E       F      G
               +--------+--------+--------+--------+--------+-----+--------+
         Total |    667 |    667 |      0 |      0 |      0 |   4 |  166.8 |
       Dungeon |    667 |    667 |      0 |      0 |      0 |   4 |  166.8 |
               +--------+--------+--------+--------+--------+-----+--------+

Top non-repeatable levels by time:
     D:1: 347 daAuts
     D:2: 267 daAuts
     D:3: 26 daAuts
     D:4: 25 daAuts
